 Dungeon Crawl Stone Soup version 0.26.1-2-gb8aa6d0cf2 (webtiles) character file.

Game seed: 14707353891843105865

1187 Gadfly the Cudgeller (level 8, -20/78 HPs)
             Began as a Troll Berserker on Mar 1, 2021.
             Was an Elder of Trog.
             Demolished by an ogre
             ... wielding a +0 giant club
              (29 damage)
             ... on level 6 of the Dungeon.
             The game lasted 00:09:53 (4428 turns).

Gadfly the Cudgeller (Troll Berserker)              Turns: 4428, Time: 00:09:54

Health: -20/78     AC:  9    Str: 27    XL:     8   Next: 19%
Magic:  7/7        EV: 10    Int:  3    God:    Trog [****..]
Gold:   224        SH:  0    Dex: 10    Spells: 7/7 levels left

rFire    + + .     SeeInvis .   a - +0 flail
rCold    . . .     Faith    +   (no shield)
rNeg     . . .     Spirit   .   p - +1 animal skin
rPois    .         Reflect  .   (helmet restricted)
rElec    .         Harm     .   j - +1 cloak
rCorr    .         Rampage  .   (gloves unavailable)
Will     .....                  (boots unavailable)
Stlth    +.........             m - amulet of faith
HPRegen  0.63/turn              s - ring of protection from fire
MPRegen  0.10/turn              f - ring of protection from fire

@: lethally poisoned (-20 -> -20), berserk cooldown, slowed, studying Maces &
Flails, very slow
A: large, unfitting armour, claws 3, regeneration 1, shaggy fur 1, tough skin 3
a: Renounce Religion, Berserk, Trog's Hand, Brothers in Arms


You were on level 6 of the Dungeon.
You worshipped Trog.
Trog was greatly pleased with you.
You visited 1 branch of the dungeon, and saw 6 of its levels.

You collected 224 gold pieces.

Inventory:

Hand Weapons
 a - a +0 flail (weapon)
 b - a +1 vampiric trident
 r - the +8 whip "Ycov" {vorpal, +Inv Int-3 Dex+8}
   (You found it on level 5 of the Dungeon)

   It inflicts extra damage upon your enemies.
   It affects your intelligence (-3).
   It affects your dexterity (+8).
   It lets you turn invisible.
Armour
 j - a +1 cloak (worn)
 p - a +1 animal skin (worn)
Jewellery
 f - a ring of protection from fire (right claw)
 h - the brooch of Shielding {Spirit SH+8}
   (You found it on level 5 of the Dungeon)

   [amulet of guardian spirit]

   It causes incoming damage to be split between your health and magic.
   It affects your SH (+8).
 m - an amulet of faith (around neck)
 s - a ring of protection from fire (left claw)
Scrolls
 c - a scroll of magic mapping
 i - 2 scrolls of identify
 t - a scroll of enchant armour
Potions
 d - a potion of haste
 e - a potion of heal wounds
 g - a potion of cancellation
 l - a potion of resistance
 n - 2 potions of might
 o - a potion of lignification
 q - a potion of flight
Books
 k - a manual of Maces & Flails


   Skills:
 + Level 4.0 Fighting
 * Level 6.1 Maces & Flails
 * Level 4.4 Armour
 - Level 2.4 Dodging
 * Level 3.9 Evocations


You had 7 spell levels left.
You didn't know any spells.
Your spell library was empty.

Dungeon Overview and Level Annotations

Branches:
Dungeon (6/15)             Temple (0/1) D:5

Altars:
Ashenzari
Dithmenos
Nemelex Xobeh
Okawaru
Qazlal
Trog
Zin
The Shining One


Innate Abilities, Weirdness & Mutations

You are too large for most types of armour.
You have claws for hands.
Your natural rate of healing is unusually fast.
You are covered in fur. (AC +1)
You have extremely tough skin. (AC +3)


Message History

* * * LOW HITPOINT WARNING * * *
You are too confused!
Unknown command.
You are too confused!
Okay, then.
You feel sick. Something hits you but does no damage.
You feel much better.
You feel less confused.
The orc warrior hits you from afar with a +0 glaive!!
* * * LOW HITPOINT WARNING * * *
Something hits you but does no damage. The ogre closely misses you.
Something hits you but does no damage.
You feel sick.
An orc wizard appears from thin air!
Reactivating autopickup.
The orc warrior closely misses you. The ogre closely misses you.
You feel sick.
The orc warrior hits you from afar with a +0 glaive!
* * * LOW HITPOINT WARNING * * *
The ogre hits you with a +0 giant club!!
You die...

. #....# ..##....#
........#
........######
........#....#
.......Z'o...#
........#....#
..##....##ooO#
#....##....##..@##
#.....#..........#
#.....#..........#
#....##..........#
#....##..........#
#....##...###..###
#....##...###..# #
+..............# #
#..>.##......... #


You could see an orc warrior, an ogre, an orc wizard, an orc and a bullfrog
skeleton.

Vanquished Creatures
  A sky beast (D:5)
  An ice beast (D:4)
  A phantom (D:4)
  2 centaurs (D:6)
  A scorpion (D:4)
  2 howler monkeys
  A bullfrog skeleton (D:4)
  2 orc priests
  5 hounds
  2 iguanas
  A worker ant (D:4)
  2 orc wizards (D:4)
  A howler monkey skeleton (D:5)
  10 adders
  A shadow imp (D:5)
  3 white imps
  An ufetubus (D:6)
  2 oozes
  3 adder skeletons
  A worm (D:2)
  7 dart slugs
  6 leopard geckos
  9 orcs
  A ball python (D:4)
  6 bats
  A giant cockroach (D:2)
  9 goblins
  8 hobgoblins
  10 jackals
  6 kobolds
  A quokka (D:5)
  3 frilled lizards
  7 rats
117 creatures vanquished.

Notes
Turn   | Place    | Note
-------+----------+-------------------------------------------
     0 | D:1      | Gadfly the Troll Berserker began the quest for the Orb.
     0 | D:1      | Reached XP level 1. HP: 22/22 MP: 0/0
   114 | D:1      | Reached XP level 2. HP: 29/29 MP: 1/1
   222 | D:1      | Reached skill level 1 in Armour
   495 | D:1      | Found a glowing silver altar of Zin.
   537 | D:2      | Reached skill level 1 in Evocations
   560 | D:2      | Reached XP level 3. HP: 36/36 MP: 2/2
   649 | D:2      | Reached ** piety under Trog
   798 | D:2      | Reached skill level 3 in Maces & Flails
   911 | D:2      | Reached XP level 4. HP: 44/44 MP: 3/3
  1355 | D:3      | Found a stormy altar of Qazlal.
  1706 | D:3      | Reached XP level 5. HP: 34/52 MP: 4/4
  2258 | D:4      | Reached *** piety under Trog
  2277 | D:4      | Noticed an ice beast
  2289 | D:4      | Reached XP level 6. HP: 24/61 MP: 5/5
  2299 | D:4      | Killed an ice beast
  2411 | D:4      | Found a sparkling altar of Nemelex Xobeh.
  2414 | D:4      | Found a shadowy altar of Dithmenos.
  2430 | D:4      | Found a glowing golden altar of the Shining One.
  2451 | D:4      | Found an iron altar of Okawaru.
  2734 | D:4      | Reached skill level 4 in Maces & Flails
  2936 | D:4      | Reached XP level 7. HP: 53/67 MP: 6/6
  3243 | D:5      | Entered Level 5 of the Dungeon
  3467 | D:5      | Reached skill level 5 in Maces & Flails
  3565 | D:5      | Found a staircase to the Ecumenical Temple.
  3606 | D:5      | Found the brooch of Shielding {Spirit SH+8}
  3661 | D:5      | Reached **** piety under Trog
  3679 | D:5      | Got a fading whip
  3680 | D:5      | Lost intelligence.
  3680 | D:5      | Identified the +8 whip "Ycov" {vorpal, +Inv Int-3 Dex+8}
                  | (You found it on level 5 of the Dungeon)
  3950 | D:5      | Found a bloodstained altar of Trog.
  4066 | D:6      | Reached XP level 8. HP: 14/78 MP: 7/7
  4255 | D:6      | Reached skill level 6 in Maces & Flails
  4331 | D:6      | Found a broken altar of Ashenzari.
  4428 | D:6      | Demolished by an ogre

Illustrated notes

Levels and vault maps discovered:
D:1:      dpeg_arrival_lava_altar, layout_basic
D:2:      layout_basic, nrook_mini_vaults
D:3:      layout_rooms, lemuel_doored_altar, serial_corexii_hall,
          corexii_hall_statues_t, corexii_hall_statues_t,
          chequers_hall_statues_corner_a, corexii_hall_statues_deadend,
          kennysheep_pointless_box, fountainhead
D:4:      layout_basic, grunt_temple_overflow_cloverleaf,
          chequers_serial_rivers_micro_c, chequers_serial_rivers_small_b,
          minmay_manual_mail
D:5:      layout_loops_cross, lightli_temple_of_fire,
          minmay_temple_entry_butterflies
D:6:      layout_gridville, serial_shops, kennysheep_mini, amethyst_killhole,
          nicolae_ashenzari_panopticon

Skill      XL: |  1  2  3  4  5  6  7  8 |
---------------+-------------------------+-----
Armour         | 1 2 3 4 |  4.4
Evocations     | 1 2 3 |  3.9
Maces & Flails | 3 4 5 6 |  6.1
Fighting       | 3 4 |  4.0
Dodging        | |  2.4

Action                   |  1- 3 |  4- 6 |  7- 9 || total
-------------------------+-------+-------+-------++-------
Melee: Mace              |   147 |   213 |   126 ||   486
       Flail             |       |       |    37 ||    37
Invok: Berserk           |       |     1 |     2 ||     3
  Use: Scroll            |     3 |     9 |     5 ||    17
       Potion            |       |       |     1 ||     1
Armor: Animal skin       |    97 |   107 |    79 ||   283
Dodge: Dodged            |   154 |   115 |   118 ||   387
